 Dungeon Crawl Stone Soup version 0.30-a0-457-g4b7bca3bfa (webtiles) character file.

Game seed: 4798776752360210550

552 freelancePsychic the Slasher (level 6, 0/52 HPs)
             Began as a Demigod Gladiator on Dec 13, 2022.
             Slain by an orc wizard
             ... wielding a +0 dagger
              (3 damage)
             ... on level 5 of the Dungeon.
             The game lasted 00:05:49 (4004 turns).

freelancePsychic the Slasher (Demigod Gladiator)    Turns: 4004, Time: 00:05:49

Health: 0/52       AC:  9    Str: 15    XL:     6   Next: 80%
Magic:  8/8        EV: 14    Int: 10    God:
Gold:   297        SH:  0    Dex: 23    Spells: 5/5 levels left

rFire   . . .      SeeInvis .    a - +0 long sword (freeze)
rCold   + . .      Faith    .    (no shield)
rNeg    . . .      Spirit   .    b - +0 leather armour
rPois   .          Reflect  .    c - +1 helmet
rElec   .          Harm     .    (no cloak)
rCorr   .          Rampage  .    (no gloves)
Will    .....                    (no boots)
Stlth   +.........               (no amulet)
HPRegen 0.28/turn                o - +4 ring of protection
MPRegen 0.11/turn                (no ring)

@: confused
A: high MP 1, forlorn, divine attributes, cold resistance 1, deterioration 1
a: no special abilities


You were on level 5 of the Dungeon.
You visited 1 branch of the dungeon, and saw 5 of its levels.

You collected 297 gold pieces.

Inventory:

Hand Weapons
 a - a +0 long sword of freezing (weapon)
Missiles
 d - a throwing net (quivered)
 e - a javelin
Armour
 b - a +0 leather armour (worn)
 c - a +1 helmet (worn)
Jewellery
 k - a +6 ring of intelligence
 o - a +4 ring of protection (left hand)
 q - an amulet of guardian spirit
 r - a ring of flight
 t - a ring of see invisible
Scrolls
 f - a scroll of blinking
 i - 2 scrolls of teleportation {@r4}
 l - a scroll of fog {unknown}
 m - a scroll of butterflies
 u - a scroll of magic mapping {unknown}
 v - a scroll of vulnerability {unknown}
 x - a scroll of noise {unknown}
Potions
 g - a potion of heal wounds {unknown}
 h - 2 potions of berserk rage {unknown}
 j - 2 potions of curing {unknown}
 n - 2 potions of brilliance {unknown}
 p - a potion of mutation
 s - a potion of might {unknown}
 w - 2 potions of attraction {unknown}
 z - a potion of haste {unknown}


   Skills:
 + Level 3.7 Fighting
 * Level 5.6 Long Blades
 - Level 1.7 Throwing
 + Level 4.3 Dodging


You had 5 spell levels left.
You didn't know any spells.
Your spell library contained the following spells:

 Spells                   Type           Power      Damage    Failure   Level
 Blink                    Tloc           0%         N/A       56%         2
 Momentum Strike          Conj/Tloc      0%         3d8       56%         2
 Lesser Beckoning         Tloc           0%         N/A       80%         3
 Stone Arrow              Conj/Erth      0%         3d7       80%         3
 Animate Armour           Summ/Erth      0%         N/A       99%         4
 Lehudib's Crystal Spear  Conj/Erth      0%         10d2      100%        8


Dungeon Overview and Level Annotations

Branches:
Dungeon (5/15)             Temple (0/1) D:4


Innate Abilities, Weirdness & Mutations

You have an increased reservoir of magic. (+10% MP)
You shall have no god before yourself.
Your divine heritage dramatically boosts your attributes as you level up.
Your flesh is cold resistant. (rC+)
Your body sometimes deteriorates upon taking damage.


Message History

You are too injured to fight recklessly!
You are too injured to fight recklessly!
You are too injured to fight recklessly!
You hit the orc priest but do no damage.
You punch the orc priest, but do no damage.
The orc priest barely misses you.
You hear some strange, mumbled words.
A magic dart appears from out of thin air!
The magic dart hits you. The orc priest closely misses you.
Something hits you but does no damage.
You slash the orc priest! You freeze the orc priest.
The orc priest is almost dead.
A hound comes into view.
Something hits you but does no damage. The orc priest barely misses you.
The hound barks!
You hit the orc priest but do no damage.
The orc priest is almost dead.
Something hits you but does no damage.
The orc priest mumbles some strange prayers to Beogh against you.
Beogh smites you!
You hit the orc priest but do no damage.
The orc priest is almost dead.
Something hits you but does no damage.
The orc priest invokes the aid of Beogh against you.
You struggle to resist.
Something barely misses you. Something hits you but does no damage.
The orc priest attacks as you move away!
The orc priest hits you with a +0 mace.
* * * LOW HITPOINT WARNING * * *
The orc priest mumbles some strange prayers to Beogh against you.
Beogh smites you!
* * * LOW HITPOINT WARNING * * *
You barely miss something.
You hear some strange, mumbled words.
You are confused.
It was a potion of mutation.
You feel extremely strange.
You feel resistant to cold.
You feel yourself wasting away. Something hits you.
You die...

#########
.........
#.......#
........## ?
........<# .(.
........#####....
.###............$
####....###.#
##.#@# ...##.#.#
#....oo# ####.#h#
#.#.. #.#.#.
#.#.#.. #.. ..
#.. ##.


You could see a hound, an orc priest and an orc.

Vanquished Creatures
  A necrophage (D:4)
  A hound (D:3)
  A jelly (D:4)
  3 orc priests
  Natasha (thrice) (D:4)
  3 orc wizards
  5 gnolls
  6 adders
  A worm (D:2)
  3 dart slugs
  9 orcs
  7 ball pythons
  10 endoplasms
  3 giant cockroaches
  8 goblins
  6 hobgoblins
  4 kobolds
  3 quokkas
  6 bats
  8 frilled lizards
  2 rats (D:3)
93 creatures vanquished.

Notes
Turn   | Place    | Note
-------+----------+-------------------------------------------
     0 | D:1      | freelancePsychic the Demigod Gladiator began the quest for
                  | the Orb.
     0 | D:1      | Reached XP level 1. HP: 17/17 MP: 3/3
   174 | D:1      | Reached skill level 3 in Long Blades
   230 | D:1      | Reached XP level 2. HP: 23/24 MP: 4/4
   584 | D:1      | HP: 1/24 [kobold/+0 club (3)]
   585 | D:1      | Reached XP level 3. HP: 2/29 MP: 5/5
  1013 | D:1      | You fall into a shaft and drop 1 floor!
  1582 | D:2      | Reached XP level 4. HP: 32/37 MP: 6/6
  1819 | D:2      | Reached skill level 4 in Long Blades
  1931 | D:2      | Identified the +0 helmet of Perfidy {Harm rC+ Dex-5 Slay+3}
  2247 | D:3      | Reached XP level 5. HP: 34/44 MP: 7/7
  3261 | D:4      | Noticed Natasha
  3272 | D:4      | Killed Natasha
  3410 | D:4      | Reached XP level 6. HP: 48/51 MP: 8/8
  3445 | D:4      | Noticed Natasha
  3595 | D:4      | Reached skill level 5 in Long Blades
  3605 | D:4      | Killed Natasha
  3761 | D:4      | Found a staircase to the Ecumenical Temple.
  3761 | D:4      | Noticed Natasha
  3769 | D:4      | Killed Natasha
  3981 | D:5      | Entered Level 5 of the Dungeon
  4004 | D:5      | Gained mutation: Your flesh is cold resistant. (rC+)
                  | [potion of mutation]
  4004 | D:5      | Gained mutation: Your body sometimes deteriorates upon
                  | taking damage. [potion of mutation]
  4004 | D:5      | Slain by an orc wizard

Illustrated notes

Levels and vault maps discovered:
D:1:      giann_horns, layout_basic, chequers_ecumenical_altar_simple
D:2:      layout_basic
D:3:      layout_basic, mainiacjoe_overflow_cross_hatched,
          brannock_xom_greatest_gift
D:4:      layout_basic, mainiacjoe_overflow_catwalk,
          mainiacjoe_overflow_large_starburst, minmay_temple_entry_waves,
          uniq_natasha
D:5:      layout_basic, overflow_temple_1_default,
          hellmonk_okawaru_the_only_friend_you_need, serial_shops,
          nicolae_shop_bloodbath_and_beyond, hex_intersection

Skill      XL: |  1  2  3  4  5  6 |
---------------+-------------------+-----
Long Blades    | 3 4 5 |  5.6
Fighting       | 2 3 |  3.7
Dodging        | 3 4 |  4.3
Throwing       | |  1.7

Action                   |  1- 3 |  4- 6 || total
-------------------------+-------+-------++-------
Melee: Long sword        |    80 |   183 ||   263
       Punch             |       |     2 ||     2
Throw: Throwing net      |     2 |     2 ||     4
  Use: Scroll            |     5 |     2 ||     7
       Potion            |       |     1 ||     1
 Stab: Held in net/web   |     2 |     1 ||     3
       Sleeping          |       |     2 ||     2
Armor: Leather armour    |    27 |    67 ||    94
Dodge: Dodged            |    70 |   145 ||   215

Table legend: (Time is in decaauts)
 A = Elapsed time spent in this place.
 B = Non-inter-level travel time spent in this place.
 C = Inter-level travel time spent in this place.
 D = Time resting spent in this place.
 E = Time spent auto-exploring this place.
 F = Levels seen in this place.
 G = Mean time per level.
                   A        B        C        D        E       F      G
               +--------+--------+--------+--------+--------+-----+--------+
         Total |   4054 |   3983 |     71 |     36 |   3177 |   5 |  810.8 |
       Dungeon |   4054 |   3983 |     71 |     36 |   3177 |   5 |  810.8 |
               +--------+--------+--------+--------+--------+-----+--------+

Top non-repeatable levels by time:
     D:1: 1136 daAuts
     D:2: 1099 daAuts
     D:3: 968 daAuts
     D:4: 826 daAuts
     D:5: 24 daAuts
